 Dungeon Crawl Stone Soup version 0.20-a0-513-g02c11fc (webtiles) character file.

67 kuniqs the Skirmisher (level 4, -3/37 HPs)
             Began as a Barachian Berserker on Jan 22, 2017.
             Was a Believer of Trog.
             Slain by an iguana (9 damage)
             ... on level 3 of the Dungeon.
             The game lasted 00:04:09 (1839 turns).

kuniqs the Skirmisher (Barachian Berserker)         Turns: 1839, Time: 00:04:09

Health: -3/37      AC:  6    Str: 15    XL:     4   Next: 16%
Magic:  4/4        EV: 11    Int:  5    God:    Trog [**....]
Gold:   73         SH:  0    Dex: 11    Spells: 3/3 levels left

rFire    . . .     SeeInvis .   a - +0 spear
rCold    . . .     Gourm    .   c - +0 ring mail
rNeg     . . .     Faith    .   (no shield)
rPois    .         Spirit   .   (no helmet)
rElec    .         Reflect  .   n - +0 cloak
rCorr    .         Harm     .   (no gloves)
MR       .....                  (no boots)
Stlth    +.........             (no amulet)
Regen    0.2/turn               (no ring)
                                (no ring)

@: slow
A: swims, slowness 1, strong legs 1
a: Hop, Berserk, Trog's Hand, Burn Spellbooks, Renounce Religion


You were on level 3 of the Dungeon.
You worshipped Trog.
Trog was pleased with you.
You were near starving.

You visited 1 branch of the dungeon, and saw 3 of its levels.

You collected 73 gold pieces.

Inventory:

Hand Weapons
 a - a +0 spear (weapon)
Armour
 c - a +0 ring mail (worn)
 n - a +0 cloak (worn)
Wands
 o - a wand of iceblast (8/15)
Scrolls
 h - 2 scrolls of amnesia {unknown}
 k - 3 scrolls of identify {unknown}
 p - 2 scrolls of remove curse {unknown}
Potions
 b - a potion of lignification {unknown}
 f - 2 potions of degeneration {unknown}
 g - a potion of cancellation {unknown}
 i - 2 potions of flight {unknown}
 j - a potion of berserk rage {unknown}
 m - 3 potions of heal wounds {unknown}
Comestibles
 d - a bread ration
 e - 3 meat rations
 l - a royal jelly


   Skills:
 + Level 3.8 Fighting
 - Level 2.6 Polearms
 + Level 3.4 Armour
 + Level 3.0 Dodging


You had 3 spell levels left.
You didn't know any spells.

Dungeon Overview and Level Annotations

Branches:
Dungeon (3/15)

Altars:


Innate Abilities, Weirdness & Mutations

You can swim through water.
You cover ground slowly.
You can hop short distances.


Message History

You hit the iguana but do no damage.
The iguana bites you but does no damage.
You closely miss the iguana. The iguana misses you.
You hit the iguana but do no damage. The iguana bites you.
You hit the iguana. You hit the iguana. The iguana barely misses you.
You hit the iguana. The iguana bites you!
You closely miss the iguana. The iguana bites you!
You are too injured to fight recklessly!
You are too injured to fight recklessly!
You are too injured to fight recklessly!
You are too injured to fight recklessly!
You hit the iguana but do no damage. The iguana misses you.
You hit the iguana but do no damage.
The iguana bites you but does no damage.
You closely miss the iguana. The iguana closely misses you.
You closely miss the iguana. The iguana bites you!
* * * LOW HITPOINT WARNING * * *
You barely miss the iguana. The iguana bites you!
You die...

## .. #.
###. ...
##l##
#.#@# #.##
#.###
#...##
##..###.##
###..#
##.# ....
#.# ###..#
##.#
##..###.##


You could see an iguana.

Vanquished Creatures
  An adder (D:2)
  2 dart slugs (D:1)
  3 orcs (D:3)
  3 giant cockroaches (D:1)
  5 goblins
  7 hobgoblins
  4 jackals (D:2)
  5 kobolds
  A ball python (D:3)
  5 bats
  2 frilled lizards
  8 rats
46 creatures vanquished.

Notes
Turn   | Place    | Note
-------+----------+-------------------------------------------
     0 | D:1      | kuniqs the Barachian Berserker began the quest for the Orb.
     0 | D:1      | Reached XP level 1. HP: 18/18 MP: 1/1
   146 | D:1      | Reached XP level 2. HP: 24/24 MP: 2/2
   405 | D:1      | Reached XP level 3. HP: 29/29 MP: 3/3
   459 | D:1      | Reached ** piety under Trog
  1116 | D:2      | Reached XP level 4. HP: 27/37 MP: 4/4
  1839 | D:3      | Slain by an iguana

Vault maps used:
D:1:      lightli_arrival_flooded_house
D:3:      okawaru_altar_gauntlet_db, tso_metal_star

Skill      XL: |  1  2  3 |
---------------+----------+-----
Armour         | 3 |  3.4
Dodging        | 3 |  3.0
Fighting       | |  3.8
Polearms       | |  2.6

Action                   |  1- 3 |  4- 6 || total
-------------------------+-------+-------++-------
Melee: Spear             |   148 |    44 ||   192
Invok: Berserk           |     2 |       ||     2
  Eat: Chunk             |     3 |     1 ||     4
Armor: Ring mail         |    39 |     7 ||    46
Dodge: Dodged            |    64 |    13 ||    77
